 Dungeon Crawl Stone Soup version 0.28.0-49-g6dfe1f597d (webtiles) character file.

Game seed: 16413039048336172600

116487 fictitious the Severer (level 16, -6/147 HPs)
             Began as a Deep Dwarf Delver on May 11, 2022.
             Was a Priest of Elyvilon.
             Mangled by a rockslime (17 damage)
             ... while paralysed by a floating eye
             ... on level 4 of the Pits of Slime.
             The game lasted 03:19:09 (25032 turns).

fictitious the Severer (Deep Dwarf Delver)         Turns: 25032, Time: 03:19:09

Health: -6/147     AC: 31    Str: 32    XL:     16   Next: 21%
Magic:  2/3        EV:  2    Int: 15    God:    Elyvilon [***...]
Gold:   284        SH:  0    Dex: 14    Spells: 15/15 levels left

rFire   . . .      SeeInvis .   a - +1 broad axe (elec)
rCold   + + +      Faith    .   S - +2 tower shield {AC+3}
rNeg    + . .      Spirit   .   z - +2 plate armour {rF+}
rPois   .          Reflect  .   U - +1 helmet
rElec   .          Harm     .   O - +0 cloak "Voufarey" {Int+3}
rCorr   +          Rampage  .   K - +1 pair of gloves
Will    +++..                   N - +1 pair of boots
Stlth   ..........              x - amulet of the acrobat
HPRegen 0.00/turn               o - ring "Gimej" {rF- rC++ Will+ rCorr Str+9}
MPRegen 0.08/turn               Z - +4 ring of protection

@: paralysed, corroded, hasted
A: damage resistance, heal wounds, negative energy resistance 1, sense
surroundings 2, no regeneration, fangs 1, cold resistance 1, screaming 1,
subdued magic 1, devolution 1
a: Heal Wounds, Renounce Religion, Purification, Heal Other, Heal Self


You were on level 4 of the Pits of Slime.
You worshipped Elyvilon.
Elyvilon was most pleased with you.
You visited 6 branches of the dungeon, and saw 28 of its levels.
You also visited: Sewer, Gauntlet and Ice Cave.

You collected 2207 gold pieces.
You spent 1923 gold pieces at shops.

Inventory:

Hand Weapons
 a - a +1 broad axe of electrocution (weapon)
 b - a +4 vorpal morningstar
 u - a +2 war axe of freezing
Missiles
 e - 12 javelins
 f - 24 poisoned darts
 L - 5 silver javelins (quivered)
 T - 4 curare-tipped darts
Armour
 l - +0 acid dragon scales
 z - a +2 plate armour of fire resistance (worn)
 B - a +2 chain mail of willpower
 C - a +0 cloak
 K - a +1 pair of gloves (worn)
 N - a +1 pair of boots (worn)
 O - the +0 cloak "Voufarey" (worn) {Int+3}
   (You found it in a Gauntlet)

   Int:       It affects your intelligence (+3).
 S - a +2 tower shield of protection (worn)
 U - a +1 helmet (worn)
Jewellery
 h - a ring of protection from fire
 o - the ring "Gimej" (left hand) {rF- rC++ Will+ rCorr Str+9}
   (You took it off a minotaur in a Gauntlet)

   [ring of willpower]

   Str:       It affects your strength (+9).
   rF:        It makes you vulnerable to fire.
   rC:        It greatly protects you from cold.
   rCorr:     It protects you from acid and corrosion.
   Will:      It increases your willpower.
 w - a ring of flight
 x - an amulet of the acrobat (around neck)
 E - a ring of positive energy
 P - a ring of protection from cold
 Y - a ring of poison resistance
 Z - a +4 ring of protection (right hand)
Wands
 c - a wand of flame (1)
 A - a wand of acid (1)
 V - a wand of mindburst (6)
Scrolls
 r - 3 scrolls of identify
 y - 2 scrolls of immolation
 D - a scroll of fog
 F - a scroll of silence
 G - 3 scrolls of teleportation
 H - a scroll of holy word
Potions
 d - 2 potions of brilliance
 g - 3 potions of magic
 i - 3 potions of invisibility
 k - 2 potions of heal wounds
 m - 3 potions of mutation {!q}
 p - 3 potions of flight
 s - 8 potions of curing
Miscellaneous
 M - a condenser vane
 R - a phial of floods (inert)
 X - a tin of tremorstones (1/2)


   Skills:
 + Level 10.5 Fighting
 + Level 17.6 Axes
 * Level 14.9 Armour
 - Level 5.0 Dodging
 - Level 6.0 Stealth
 * Level 14.9 Shields
 - Level 14.0 Invocations
 - Level 4.0 Evocations


You had 15 spell levels left.
You didn't know any spells.
Your spell library contained the following spells:

 Spells                   Type           Power      Damage    Failure   Level
 Animate Skeleton         Necr           0%         N/A       99%         1
 Apportation              Tloc           0%         N/A       99%         1
 Magic Dart               Conj           0%         1d3       99%         1
 Summon Small Mammal      Summ           0%         N/A       99%         1
 Call Imp                 Summ           0%         N/A       100%        2
 Corpse Rot               Necr/Air       0%         N/A       100%        2
 Ensorcelled Hibernation  Hex/Ice        0%         N/A       100%        2
 Passwall                 Tmut/Erth      0%         N/A       100%        2
 Searing Ray              Conj           0%         2d4       100%        2
 Static Discharge         Conj/Air       0%         N/A       100%        2
 Confusing Touch          Hex            0%         N/A       100%        3
 Conjure Flame            Conj/Fire      0%         6-21      100%        3
 Frozen Ramparts          Ice            0%         1d2       100%        3
 Mephitic Cloud           Conj/Pois/Air  0%         N/A       100%        3
 Swiftness                Air            0%         N/A       100%        3
 Fulminant Prism          Conj/Hex       0%         3d6       100%        4
 Ice Form                 Ice/Tmut       0%         N/A       100%        4
 Olgreb's Toxic Radiance  Pois           0%         N/A       100%        4
 Petrify                  Tmut/Erth      0%         N/A       100%        4
 Summon Ice Beast         Ice/Summ       0%         N/A       100%        4
 Alistair's Intoxication  Tmut/Pois      0%         N/A       100%        5
 Lightning Bolt           Conj/Air       0%         1d11      100%        5
 Yara's Violent Unravell  Hex/Tmut       0%         3d3       100%        5
 Conjure Ball Lightning   Conj/Air       0%         3x3d6     100%        6
 Enfeeble                 Hex            0%         N/A       100%        7
 Malign Gateway           Summ/Tloc      0%         N/A       100%        7
 Ozocubu's Refrigeration  Ice            0%         4d5       100%        7
 Discord                  Hex            0%         N/A       100%        8
 Disjunction              Tloc           0%         N/A       100%        8
 Ignition                 Fire           0%         3d3       100%        8
 Maxwell's Capacitive Co  Air            0%         ∞         100%        8
 Necromutation            Tmut/Necr      0%         N/A       100%        8
 Summon Horrible Things   Summ           0%         N/A       100%        8


Dungeon Overview and Level Annotations

Branches:
Dungeon (13/15)            Temple (1/1) D:5            Lair (6/6) D:9
  Swamp (0/4) Lair:3       Spider (2/4) Lair:3        Slime (4/5) Lair:6
    Orc (2/2) D:11            Elf (0/3) Orc:2         Sewer (visited)
  IceCv (visited)         Gauntlet (visited)
 Vaults: D:13-14

Altars:
Ashenzari
Cheibriados
Dithmenos
Elyvilon
Fedhas
Gozag
Hepliaklqana
Kikubaaqudgha
Makhleb
Nemelex Xobeh
Okawaru
Qazlal
Ru
Sif Muna
Trog
Uskayaw
Vehumet
Wu Jian
Xom
Yredelemnul
Zin
The Shining One
Beogh

Shops:
D:11 ?   Orc:2 *[:(

Annotations:
D:6 Sigmund
D:8 Maurice
D:10 3 runed translucent doors, NinjaNoafa's ghost, journeyman HOMo
Lair:2 3 runed translucent doors, acdeimund's ghost, journeyman MfGl
Lair:3 3 runed translucent doors, reversiblehash's ghost, journeyman MiFi
Lair:5 exclusion: oklob plant
Lair:6 exclusions: obsidian statue, oklob plant and orange crystal statue
Spider:2 Louise


Innate Abilities, Weirdness & Mutations

You are resistant to damage.
You can heal yourself by infusing magical energy.
You resist negative energy. (rN+)
You passively map the area around you.
You do not regenerate.
You have very sharp teeth.
Your flesh is cold resistant. (rC+)
You occasionally shout uncontrollably at your foes.
Your spells are a little easier to cast, but a little less powerful.
You have hidden genetic defects.


Message History

The acid blob blinks!
The acid blob quivers.
The slime creature quivers.
The floating eye seems to glare at you.
You can move again.
The acid blob spits acid at you. The splash of acid hits you. You resist.
* * * LOW HITPOINT WARNING * * *
The floating eye gazes piercingly through you!
You shrug off the repeated paralysis!
You block the acid blob's attack. The floating eye seems to glare at you.
The acid blob spits acid at you. The splash of acid hits you. You resist.
The acid blob spits acid at you.
The splash of acid hits you but does no damage.
A rockslime comes into view.
The floating eye gazes piercingly through you!
You shrug off the repeated paralysis!
Two slime creatures merge to form a very large slime creature.
The floating eye's view fixates on you.
There is a stone staircase leading down here.
The floating eye gazes piercingly through you!
You suddenly lose the ability to move!
The acid blob hits you.
You are splashed with acid.
You resist. The rockslime hits you!!
* * * LOW HITPOINT WARNING * * *
You are shoved backwards!
You stop descending the stairs.
The acid blob jiggles.
The rockslime hits you!
* * * LOW HITPOINT WARNING * * *
You hold your ground!
The acid blob jiggles.
The rockslime hits you!!
You die...

## #.....J......
##.###.######....#...#..
#.......#..###.##.....#.
#...........##.###......
*#...............#......>
*........................
........................
#.#.....J..JJ.........#.
#....J@JJJJJ......J.#.# *
* #...........G...........
*,....#.....#.............
,
,...#.........#...#.^....
, . ...........##.###.#...
........#...#### ####.§ **
............... #. ,,
.#...#........., *# ,, ,,
,


You could see 3 acid blobs, a very large slime creature, 2 slime creatures, 2
rockslimes, a quicksilver ooze and a floating eye.

Vanquished Creatures
  Jorgrun (Orc:1)
  An acid blob (Slime:3)
  An azure jelly (Slime:2)
  An orc warlord (Orc:2)
  2 quicksilver oozes
  A minotaur (Gauntlet)
  An entropy weaver (Spider:1)
  Fannar (D:11)
  4 great orbs of eyes
  Harold (D:11)
  12 boulder beetles
  A centaur warrior (D:12)
  A catoblepas (Lair:3)
  A hydra (D:11)
  2 two-headed ogres
  An ogre mage (D:12)
  A death scarab (Spider:1)
  10 death yaks
  3 orc high priests (Orc:2)
  A spectral dire elephant (Lair:6)
  A skeletal warrior (D:12)
  A pharaoh ant (Spider:2)
  2 sun moths
  3 orb spiders (Spider:1)
  A bog body (IceCv)
  Pikel (D:7)
  3 necromancers
  4 orc knights (Orc:2)
  A shining eye (Slime:3)
  4 orc sorcerers (Orc:2)
  5 cyclopes
  A salamander (Lair:6)
  3 wolf spiders
  4 ugly things
  12 elephants
  3 black mambas
  2 apocalypse crabs (Gauntlet)
  2 ice statues (IceCv)
  4 torpor snails
  18 cane toads
  2 dire elephant skeletons (Lair:6)
  2 rime drakes
  Psyche (D:8)
  A kobold demonologist (D:12)
  An anaconda simulacrum (IceCv)
  4 entropy weaver simulacra (IceCv)
  4 ice devils (IceCv)
  2 demonic crawlers (Spider:1)
  7 komodo dragons
  3 trolls
  6 meliai
  21 blink frogs
  3 tarantellas
  7 polar bears
  17 slime creatures
  Prince Ribbit (D:6)
  5 dream sheep (Lair:6)
  9 jumping spiders (Spider:1)
  3 culicivoras (Spider:1)
  2 shadows
  2 wraiths (D:12)
  2 dire elephant simulacra (IceCv)
  2 wyverns
  A human (D:12)
  A hog (D:12)
  57 yaks
  6 golden eyes (Slime:1)
  6 basilisks
  2 death yak simulacra
  11 redbacks
  A fire elemental (Lair:6)
  8 vampire mosquitoes
  2 steam dragons
  3 harpy simulacra (IceCv)
  3 wargs
  Grum (D:8)
  2 acid dragons
  13 water moccasins
  A floating eye (Slime:2)
  31 orc warriors
  5 black bears (Lair:3)
  4 ice beasts
  5 ogres
  An elephant skeleton (Lair:6)
  A necrophage (D:6)
  7 wolves
  4 lemures (D:7)
  A phantom (D:7)
  10 centaurs
  4 kobold brigands
  16 bullfrogs
  2 gnoll sergeants
  2 cane toad simulacra
  2 wyvern zombies
  An elephant simulacrum (Lair:6)
  19 killer bees
  A water moccasin skeleton (D:5)
  An electric eel (Lair:6)
  3 howler monkeys (D:10)
  3 centaur zombies
  2 bullfrog zombies
  A jelly (D:8)
  26 orc priests
  A bullfrog skeleton (D:6)
  A hound (D:4)
  14 hell rats
  An iguana (D:7)
  27 orc wizards
  2 polar bear simulacra (IceCv)
  A troll simulacrum (IceCv)
  3 howler monkey zombies
  14 gnolls
  6 adders
  10 river rats
  13 white imps
  2 ufetubi (IceCv)
  4 worms
  A dart slug (D:3)
  77 orcs
  10 ball pythons
  7 endoplasms
  4 giant cockroaches
  6 goblins
  4 hobgoblins
  4 jackals (D:4)
  5 quokkas
  3 bats
  A frilled lizard (D:2)
  15 kobolds
  17 rats
752 creatures vanquished.

Vanquished Creatures (others)
  A black mamba (Lair:6)
  2 cane toads
  A polar bear (Lair:6)
  A blink frog (Lair:1)
  A wyvern (D:11)
  An acid dragon (D:11)
  An orc wizard (Orc:2)
  2 bushes (Lair:5)
  A demonic plant (Gauntlet)
  39 fungi
  90 plants
  18 withered plants (Lair:6)
158 creatures vanquished.

Grand Total: 910 creatures vanquished

Notes
Turn   | Place    | Note
-------+----------+-------------------------------------------
     0 | D:5      | fictitious the Deep Dwarf Delver began the quest for the
                  | Orb.
     0 | D:5      | Reached XP level 1. HP: 20/20 MP: 1/1
    76 | D:3      | Found a glowing drain.
   101 | D:3      | Reached skill level 3 in Axes
   101 | D:3      | Reached XP level 2. HP: 18/27 MP: 2/2
   131 | Sewer    | Entered a sewer
   156 | Sewer    | Noticed a kobold brigand
   201 | Sewer    | Killed a kobold brigand
   202 | Sewer    | Reached skill level 4 in Axes
   202 | Sewer    | Reached XP level 3. HP: 30/33 MP: 1/4
   202 | Sewer    | Reached XP level 4. HP: 36/40 MP: 1/5
   409 | Sewer    | Noticed a kobold brigand
   466 | Sewer    | Reached XP level 5. HP: 34/46 MP: 6/6
   711 | Sewer    | Reached skill level 5 in Axes
   842 | Sewer    | Reached skill level 6 in Axes
  1390 | D:1      | You fall into a shaft and drop 1 floor!
  2102 | D:2      | Reached XP level 6. HP: 51/55 MP: 7/7
  2114 | D:2      | Noticed a shining eye
  2117 | D:2      | Found a faded altar of an unknown god.
  2118 | D:2      | Noticed a golden eye
  2118 | D:2      | Noticed an eye of devastation
  2118 | D:2      | Noticed an eye of devastation
  2316 | D:2      | Identified the +1 robe "Bampo" {rPois Str+4 Dex+3 Stlth+}
  2680 | D:3      | Got the Reference Book on Feathers and Arcane Weapons
  3582 | D:4      | Reached skill level 1 in Armour
  4036 | D:4      | Reached XP level 7. HP: 62/62 MP: 7/7
  4233 | D:4      | Found a shimmering blue altar of Sif Muna.
  4243 | D:4      | Got Sif Muna's Collected Works on Flight
  4251 | D:4      | Found a bloodstained altar of Trog.
  4304 | D:5      | Reached skill level 7 in Axes
  4386 | D:5      | Found a staircase to the Ecumenical Temple.
  4397 | Temple   | Entered the Ecumenical Temple
  4453 | Temple   | Became a worshipper of Elyvilon the Healer
  4523 | D:5      | Found an opulent altar of Gozag.
  4725 | D:5      | Found a glowing golden altar of the Shining One.
  4890 | D:6      | Noticed a vampire mosquito
  4891 | D:6      | Noticed a vampire mosquito
  4891 | D:6      | Noticed a vampire mosquito
  5056 | D:6      | Reached * piety under Elyvilon
  5097 | D:6      | Noticed Prince Ribbit
  5184 | D:6      | Killed Prince Ribbit
  5185 | D:6      | Reached skill level 8 in Axes
  5185 | D:6      | Reached XP level 8. HP: 41/72 MP: 7/7
  5435 | D:6      | Reached skill level 5 in Armour
  5435 | D:6      | Reached skill level 1 in Shields
  5494 | D:6      | Reached skill level 9 in Axes
  5494 | D:6      | Reached skill level 5 in Invocations
  5544 | D:6      | Noticed Sigmund
  5658 | D:7      | Noticed Pikel
  5986 | D:7      | Gained mutation: You passively map the area around you.
                  | [Deep Dwarf growth]
  5986 | D:7      | Reached XP level 9. HP: 39/78 MP: 9/9
  6044 | D:7      | Noticed a boulder beetle
  6143 | D:7      | Reached skill level 10 in Axes
  6170 | D:7      | Noticed a two-headed ogre
  6174 | D:6      | Noticed a rust devil
  6174 | D:6      | Noticed a rust devil
  6245 | D:7      | Killed Pikel
  6287 | D:7      | Killed a two-headed ogre
  6288 | D:7      | Reached skill level 11 in Axes
  6288 | D:7      | Reached skill level 5 in Shields
  6539 | D:7      | Killed a boulder beetle
  6540 | D:7      | Reached skill level 12 in Axes
  6540 | D:7      | Reached XP level 10. HP: 64/85 MP: 7/9
  6967 | D:7      | Reached ** piety under Elyvilon
  7338 | D:8      | Noticed Grum
  7361 | D:8      | Killed Grum
  7718 | D:8      | Found an ancient bone altar of Kikubaaqudgha.
  7718 | D:8      | Found a shadowy altar of Dithmenos.
  7718 | D:8      | Noticed Psyche
  7733 | D:8      | Killed Psyche
  7750 | D:8      | Found a blossoming altar of Fedhas.
  7758 | D:8      | Found a radiant altar of Vehumet.
  7758 | D:8      | Found a glowing silver altar of Zin.
  7764 | D:8      | Found a shimmering altar of Xom.
  7766 | D:8      | Found a sacrificial altar of Ru.
  7851 | D:8      | Noticed Maurice
  8120 | D:9      | Reached *** piety under Elyvilon
  8205 | D:9      | Found a staircase to the Lair.
  8607 | D:9      | Reached skill level 13 in Axes
  9112 | Lair:1   | Entered Level 1 of the Lair of Beasts
  9136 | Lair:1   | Reached skill level 1 in Evocations
  9205 | Lair:1   | Reached skill level 5 in Fighting
  9298 | Lair:1   | Found a gate leading to a gauntlet.
  9309 | Lair:1   | Reached XP level 11. HP: 76/96 MP: 6/6
  9315 | Gauntlet | Entered a Gauntlet
  9315 | Gauntlet | Found a transporter.
  9318 | Gauntlet | Found a transporter.
  9320 | Gauntlet | Noticed a hell hog
  9323 | Gauntlet | Found a transporter.
  9324 | Gauntlet | Found a transporter.
  9327 | Gauntlet | Noticed an eight-headed hydra
  9332 | Gauntlet | Found a transporter.
  9333 | Gauntlet | Found a transporter.
  9334 | Gauntlet | Found a transporter.
  9342 | Gauntlet | Noticed a hell beast
  9354 | Gauntlet | Found a transporter.
  9374 | Gauntlet | Found a transporter.
  9378 | Gauntlet | Found a transporter.
  9386 | Gauntlet | Found a transporter.
  9403 | Gauntlet | Found a transporter.
  9612 | Gauntlet | Identified the +0 cloak "Voufarey" {Int+3}
  9670 | Gauntlet | Identified the ring "Gimej" {rF- rC++ Will+ rCorr Str+9}
  9670 | Gauntlet | Noticed a minotaur
  9727 | Gauntlet | Killed a minotaur
  9740 | Gauntlet | Got the Collected Works on Changing
  9745 | Gauntlet | Identified the +6 rapier of Deflation {vorpal, rF+ Dex+4}
  9993 | Lair:1   | Reached skill level 5 in Dodging
 10140 | Lair:1   | Noticed a seven-headed hydra
 10141 | Lair:1   | Pacified a seven-headed hydra
 10195 | Lair:1   | Reached skill level 14 in Axes
 10279 | Lair:1   | Noticed a boulder beetle
 10295 | Lair:1   | Killed a boulder beetle
 10785 | Lair:2   | Noticed a boulder beetle
 10786 | Lair:2   | Pacified a boulder beetle
 10804 | Lair:2   | Noticed a six-headed hydra
 10807 | Lair:2   | Pacified a six-headed hydra
 10808 | Lair:2   | Reached XP level 12. HP: 49/105 MP: 2/5
 10911 | Lair:2   | Noticed a seven-headed hydra
 10914 | Lair:2   | Pacified a seven-headed hydra
 11074 | Lair:2   | Found a runed translucent gate.
 11074 | Lair:2   | Found a runed translucent gate.
 11075 | Lair:2   | Found a runed translucent gate.
 11088 | Lair:2   | Noticed a minotaur
 11088 | Lair:2   | Noticed acdeimund's ghost (journeyman MfGl)
 11096 | Lair:2   | You fall into a shaft and drop 1 floor!
 11223 | Lair:2   | Noticed a boulder beetle
 11236 | Lair:2   | Killed a boulder beetle
 11237 | Lair:2   | Reached skill level 10 in Invocations
 11717 | Lair:3   | Found a hole to the Spider Nest.
 12034 | Lair:3   | Found a staircase to the Swamp.
 12116 | Lair:3   | Reached skill level 15 in Axes
 12332 | Lair:3   | Noticed a catoblepas
 12336 | Lair:3   | Noticed a death yak
 12336 | Lair:3   | Noticed a death yak
 12337 | Lair:3   | Noticed a death yak
 12341 | Lair:3   | Killed a catoblepas
 12374 | Lair:3   | Killed a death yak
 12377 | Lair:3   | Killed a death yak
 12386 | Lair:3   | Killed a death yak
 12483 | Lair:3   | Noticed reversiblehash's ghost (journeyman MiFi)
 12490 | Lair:3   | Found a runed translucent gate.
 12490 | Lair:3   | Found a runed translucent gate.
 12490 | Lair:3   | Found a runed translucent gate.
 12547 | Lair:3   | Noticed a six-headed hydra
 12567 | Lair:3   | Pacified a six-headed hydra
 13002 | Lair:4   | Noticed a four-headed hydra
 13017 | Lair:4   | Pacified a four-headed hydra
 13018 | Lair:4   | Reached XP level 13. HP: 61/115 MP: 0/4
 13481 | Lair:4   | Reached skill level 10 in Shields
 13970 | Lair:5   | Reached skill level 16 in Axes
 14242 | Lair:5   | Reached skill level 10 in Armour
 15497 | Lair:6   | Entered Level 6 of the Lair of Beasts
 15638 | Lair:6   | Gained mutation: You resist negative energy. (rN+) [Deep
                  | Dwarf growth]
 15638 | Lair:6   | Reached XP level 14. HP: 63/127 MP: 2/4
 15921 | Lair:6   | Found a staircase to the Slime Pits.
 15929 | Slime:1  | Entered Level 1 of the Pits of Slime
 16127 | D:10     | Entered Level 10 of the Dungeon
 16349 | D:10     | Found a runed translucent gate.
 16350 | D:10     | Found a runed translucent gate.
 16350 | D:10     | Found a runed translucent gate.
 16352 | D:10     | Noticed NinjaNoafa's ghost (journeyman HOMo)
 16775 | D:11     | Found Niluw's Magic Scroll Shoppe.
 16790 | D:11     | Bought a scroll of identify for 22 gold pieces
 16790 | D:11     | Bought a scroll of blinking for 82 gold pieces
 16790 | D:11     | Bought a scroll of enchant weapon for 82 gold pieces
 16790 | D:11     | Bought a scroll of enchant armour for 82 gold pieces
 16790 | D:11     | Bought a scroll of identify for 22 gold pieces
 16790 | D:11     | Bought a scroll of teleportation for 33 gold pieces
 16790 | D:11     | Bought a scroll of identify for 22 gold pieces
 16813 | D:11     | Found a staircase to the Orcish Mines.
 16927 | D:11     | Identified the +5 ring mail of the Devil {Harm}
 17280 | D:11     | Noticed Fannar
 17301 | D:11     | Killed Fannar
 17781 | D:12     | Found a frozen archway.
 17804 | IceCv    | Entered an ice cave
 19337 | D:13     | Reached XP level 15. HP: 74/135 MP: 1/3
 19620 | Orc:1    | Entered Level 1 of the Orcish Mines
 19631 | Orc:1    | Noticed Harold
 19675 | D:11     | Killed Harold
 19701 | Orc:1    | Noticed Jorgrun
 19720 | Orc:1    | Elyvilon protects you from harm!
 19724 | Orc:1    | Killed Jorgrun
 19889 | Orc:1    | Found a shimmering blue altar of Sif Muna.
 20306 | Orc:1    | Upgraded the game from 0.28.0-47-ge53b351184 to
                  | 0.28.0-49-g6dfe1f597d
 20331 | Orc:2    | Entered Level 2 of the Orcish Mines
 20616 | Orc:2    | Found a staircase to the Elven Halls.
 21073 | Orc:2    | Reached **** piety under Elyvilon
 21206 | Orc:2    | Noticed an orc warlord
 21274 | Orc:2    | Killed an orc warlord
 21495 | Orc:2    | Reached skill level 17 in Axes
 21888 | Orc:2    | Found Wist's General Store.
 21889 | Orc:2    | Found Humit's Book Boutique.
 21890 | Orc:2    | Found Titseo's Antique Armour Boutique.
 21890 | Orc:2    | Found Yvavvir's Antique Weapon Shop.
 21906 | Orc:2    | Bought a potion of invisibility for 120 gold pieces
 21906 | Orc:2    | Bought a scroll of blinking for 112 gold pieces
 21914 | Orc:2    | Bought a shiny plate armour for 806 gold pieces
 22040 | Orc:2    | Bought a +4 ring of protection for 540 gold pieces
 22658 | Spider:1 | Entered Level 1 of the Spider Nest
 23379 | Spider:1 | Reached skill level 10 in Fighting
 23831 | Spider:2 | Identified the +2 tower shield "Kunlus" {Harm rF+ SInv}
 23831 | Spider:2 | Noticed Louise
 24574 | Lair:6   | Reached XP level 16. HP: 140/146 MP: 3/3
 24859 | Slime:3  | Noticed an acid blob
 24926 | Slime:3  | Gained mutation: You are dopey. (Int -2) [a shining eye]
 24929 | Slime:3  | Gained mutation: Your magical capacity is low. (-10% MP) [a
                  | shining eye]
 24929 | Slime:3  | Noticed an acid blob
 24941 | Slime:3  | Killed an acid blob
 24945 | Slime:3  | Lost mutation: You are dopey. (Int -2) [potion of mutation]
 24945 | Slime:3  | Lost mutation: Your magical capacity is low. (-10% MP)
                  | [potion of mutation]
 24945 | Slime:3  | Gained mutation: You occasionally shout uncontrollably at
                  | your foes. [potion of mutation]
 24945 | Slime:3  | Gained mutation: Your flesh is cold resistant. (rC+)
                  | [potion of mutation]
 24945 | Slime:3  | Gained mutation: You have very sharp teeth. [potion of
                  | mutation]
 24957 | Slime:3  | Gained mutation: Your spells are a little easier to cast,
                  | but a little less powerful. [a shining eye]
 24964 | Slime:3  | Gained mutation: You have hidden genetic defects. [a
                  | shining eye]
 24977 | Slime:4  | Noticed an acid blob
 24990 | Slime:4  | Noticed an acid blob
 24997 | Slime:3  | Noticed an acid blob
 25006 | Slime:4  | Paralysed by a floating eye for 2 turns
 25009 | Slime:4  | Noticed an acid blob
 25012 | Slime:4  | Noticed an acid blob
 25012 | Slime:4  | Paralysed by a floating eye for 4 turns
 25015 | Slime:4  | Elyvilon protects you from harm!
 25018 | Slime:4  | Paralysed by a floating eye for 2 turns
 25021 | Slime:4  | Paralysed by a floating eye for 2 turns
 25022 | Slime:4  | Noticed an acid blob
 25031 | Slime:4  | Paralysed by a floating eye for 3 turns
 25032 | Slime:4  | Mangled by a rockslime

Illustrated notes

Levels and vault maps discovered:
D:1:      lemuel_arrival_funnel, layout_basic
D:2:      layout_loops_corners, hellmonk_ecumenical_altar_watching_god,
          corexii_leaking_fountain
D:3:      layout_loops_ring, portal_sewer_entry_b, minmay_bisected
D:4:      layout_loops_ring, nzn_overflow_gifts_of_might_and_magic
D:5:      layout_rooms, mainiacjoe_overflow_catwalk,
          nicolae_gozag_cash_rules_everything_around_me, okawaru_trees_1,
          minmay_temple_entry_statues_fountains
D:6:      cheibrodos_iron_armory, layout_basic, uniq_prince_ribbit1,
          uniq_crazy_yiuf_cottage, uniq_sigmund
D:7:      layout_cave_pools, kennysheep_nondescript, kb_rosetta, uniq_pikel
D:8:      layout_basic, nicolae_overflow_hallway_of_the_gods, uniq_grum,
          uniq_psyche, uniq_maurice
D:9:      layout_basic, lair_entry_dummy
D:10:     layout_roguey, gammafunk_ghost_hydra_chop
D:11:     layout_roguey, orc_david_3, serial_shops,
          nicolae_shop_window_shopping, uniq_fannar
D:12:     layout_irregular_city, portal_ice_cave_entry_imps, minivault_20,
          minivault_20, grunt_livestock
D:13:     layout_cave_pools
Temple:   zaba_magenta_temple
Lair:1:   layout_gridlike, gauntlet_entry_generic, nzn_sisyphean_effort
Lair:2:   layout_roguey, maelrawn_ghost_gauntlet_escape,
          nicolae_lair_grove_arrangements, kennysheep_abandoned_house
Lair:3:   beast_lair_carwin_large_2, layout_loops_ring, swamp_mist,
          dummy_spider_entry, gammafunk_ghost_icy, infiniplex_staircase_pool
Lair:4:   nzn_winding_woodlands_medium [nzn_winding_woodlands_5x5_default,
          nzn_winding_woodlands_5x15_longhouse, nzn_winding_woodlands_hourglass,
          nzn_winding_woodlands_5x5_open_star,
          nzn_winding_woodlands_center_diamonds,
          nzn_winding_woodlands_5x5_cross,
          nzn_winding_woodlands_5x5_closed_star, nzn_winding_woodlands_5x15_eye,
          nzn_winding_woodlands_5x5_perimeter], layout_cave_shapes
Lair:5:   layout_cave_pods, serial_forest, infiniplex_forest_clump_medium,
          infiniplex_forest_straight_1, infiniplex_forest_straight_2,
          infiniplex_forest_clump_small, infiniplex_forest_straight_1,
          infiniplex_forest_clump_tiny, infiniplex_forest_lined_ring,
          chequers_serial_rivers_small_3, st_stairs_12
Lair:6:   due_jungle_book, layout_gridlike, dpeg_slime_entry_corner,
          disabler_island, grunt_megastairs_2, serial_bayou_shore_a
Spider:1: layout_spider_delve
Spider:2: layout_chambers, uniq_louise
Slime:1:  layout_caves, nicolae_slime_ancient_tower_intersection
Slime:2:  layout_caves
Slime:3:  layout_caves
Slime:4:  layout_caves
Orc:1:    layout_caves, abandoned_shop, kennysheep_orc_sif_temple, uniq_harold,
          uniq_jorgrun
Orc:2:    st_orc_congregation, layout_caves, basic_altar, minmay_orc_temple_a

Skill      XL: |  1  2  3  4  5  6  7  8  9 10 11 12 13 14 15 |
---------------+----------------------------------------------+-----
Axes           | 3 4 6 8 9 12 13 14 15 16 17 | 17.6
Invocations    | 2 3 5 8 9 11 13 14 | 14.0
Fighting       | 3 4 5 6 7 8 9 10 | 10.5
Armour         | 2 4 5 6 7 8 10 12 14 | 14.9
Shields        | 3 5 7 9 10 12 14 | 14.9
Dodging        | 4 5 |  5.0
Evocations     | 2 4 |  4.0
Stealth        | |  6.0

Action                   |  1- 3 |  4- 6 |  7- 9 | 10-12 | 13-15 | 16-18 || total
-------------------------+-------+-------+-------+-------+-------+-------++-------
Melee: Hand axe          |    44 |   250 |   341 |   643 |       |       ||  1278
       Punch             |       |     3 |       |       |       |       ||     3
       War axe           |       |       |       |   229 |  1441 |       ||  1670
       Morningstar       |       |       |       |       |     6 |       ||     6
       Broad axe         |       |       |       |       |   333 |   110 ||   443
       Bite              |       |       |       |       |       |     3 ||     3
 Fire: Hunting sling     |       |     1 |    23 |     2 |       |       ||    26
Throw: Dart              |       |    77 |    37 |    40 |    57 |       ||   211
       Javelin           |       |       |       |    13 |    23 |     1 ||    37
       Throwing net      |       |       |       |     1 |       |       ||     1
Invok: Heal Self         |       |       |       |    20 |    46 |     5 ||    71
       Heal Other        |       |       |       |    10 |    15 |       ||    25
 Abil: Heal Wounds       |     4 |     7 |    24 |    26 |    16 |     2 ||    79
Evoke: Wand              |       |       |     5 |    26 |    27 |     1 ||    59
       Tin of tremorston |       |       |       |     3 |     7 |       ||    10
       Phial of floods   |       |       |       |       |     1 |     1 ||     2
  Use: Scroll            |     1 |     4 |     8 |     8 |    21 |     7 ||    49
       Potion            |     1 |       |     5 |     1 |    10 |     3 ||    20
 Stab: Sleeping          |     2 |     8 |       |       |     7 |       ||    17
       Distracted        |       |     1 |       |       |       |       ||     1
       Invisible         |       |       |    11 |     3 |       |       ||    14
       Held in net/web   |       |       |       |     4 |       |       ||     4
Armor: Leather armour    |     4 |    19 |       |       |       |       ||    23
       Ring mail         |       |    20 |       |       |       |       ||    20
       Scale mail        |       |    18 |    72 |     1 |   191 |       ||   282
       Chain mail        |       |       |    43 |    72 |    77 |       ||   192
       Plate armour      |       |       |       |   181 |   222 |    75 ||   478
Dodge: Dodged            |    17 |   104 |   114 |   158 |   329 |    28 ||   750
Block: Buckler           |       |    12 |    68 |    74 |       |       ||   154
       Tower shield      |       |       |       |   396 |  1536 |   138 ||  2070
